Map: Lightshade LE

Players

Reynor - Winner!

  • Race: Zerg Zerg

Dark

  • Race: Zerg Zerg

Event: TSL 7

VOD

Have the link to the VOD?

Description

Time

  • Played on: June 19, 2021, 8:50 a.m.
  • Length: 12:11

All games in this series

Show
View Real Time Build Order
Export as new Build Order

Reynor Zerg - Winner!

Build Orders: Pool First 

Get SALT Encoding   

  12  0:00  Drone  
  13  0:12  Overlord  
  13  0:17  Drone  
  14  0:30  Drone x2  
  16  0:40  Spawning Pool  
  15  0:44  Drone  
  15  0:47  Drone  
  17  1:07  Hatchery  
  17  1:10  Drone  
  17  1:16  Extractor  
  16  1:27  Zergling x6  
  16  1:32  Queen  
  21  1:38  Overlord  
  21  1:49  Drone  
  22  2:00  Drone  
  23  2:07  Queen  
  25  2:11  Drone  
  26  2:19  Drone  
  26  2:20  Metabolic Boost  
  26  2:22  Drone  
  28  2:31  Drone  
  28  2:33  Overlord  
  27  2:39  Drone  
  27  2:40  Drone x2  
  27  2:42  Drone  
  27  2:44  Drone  
  31  2:54  Baneling Nest  
  31  2:56  Zergling x4  
  32  3:03  Drone  
  32  3:05  Drone  
  34  3:14  Overlord  
  34  3:17  Drone x4  
  38  3:25  Hatchery  
  37  3:27  Zergling x2  
  37  3:29  Zergling x2  
  39  3:36  Zergling x4  
  39  3:38  Baneling x2  
  39  3:40  Drone  
  42  3:47  Roach Warren  
  42  3:48  Queen  
  41  3:51  Zergling x2  
  41  3:54  Drone  
  45  3:56  Overlord  
  45  3:58  Drone  
  45  4:01  Drone  
  47  4:05  Drone x3  
  47  4:08  Drone  
  50  4:11  Overlord  
  50  4:16  Overlord  
  50  4:18  Drone  
  51  4:29  Roach x2  
  51  4:30  Roach  
  57  4:33  Extractor  
  57  4:35  Roach  
  58  4:38  Roach  
  58  4:41  Roach  
  61  4:47  Roach  
  61  4:49  Evolution Chamber  
  61  4:52  Roach x3  
  68  4:57  Overlord  
  68  4:58  Zergling x6  
  71  5:01  Overlord  
  71  5:03  Zergling x2  
  72  5:10  Overlord  
  72  5:11  Zergling x8  
  76  5:16  Zergling x2  
  76  5:18  Baneling x2  
  76  5:20  Zergling x8  
  81  5:23  Zergling x2  
  82  5:28  Overlord  
  82  5:33  Baneling x2  
  82  5:34  Baneling x2  
  79  5:36  Roach x2  
  79  5:37  Zergling x6  
  79  5:40  Zergling x4  
  86  5:49  Drone x2  
  86  5:52  Drone x5  
  80  6:05  Roach x4  
  80  6:07  Overlord  
  80  6:13  Roach x2  
  80  6:14  Zergling x2  
  80  6:18  Roach  
  86  6:21  Roach  
  86  6:25  Roach x2  
  92  6:29  Roach  
  94  6:36  Roach x2  
  98  6:40  Overlord  
  98  6:42  Zergling x4, Roach  
  98  6:46  Baneling  
  102  6:49  Zergling x8, Roach  
  102  6:53  Overlord  
  105  7:00  Roach x2  
  91  7:03  Zergling x6, Roach  
  82  7:09  Roach  
  82  7:11  Zergling x6, Roach  
  82  7:16  Queen, Roach  
  82  7:18  Zergling x2  
  78  7:22  Roach  
  78  7:25  Zergling x4, Roach  
  78  7:26  Zergling x2  
  77  7:32  Roach  
  77  7:33  Zergling x2, Roach  
  77  7:35  Zergling x4  
  78  7:39  Roach  
  78  7:43  Roach  
  79  7:47  Zergling x8  
  79  7:49  Queen  
  82  7:53  Roach x2  
  78  7:59  Roach  
  78  8:00  Zergling x6  
  78  8:01  Roach  
  80  8:10  Zergling x2, Roach  
  81  8:13  Roach  
  81  8:18  Drone  
  81  8:19  Extractor  
  84  8:20  Drone  
  84  8:23  Drone  
  84  8:25  Drone, Spine Crawler  
  85  8:27  Drone  
  85  8:29  Drone x2  
  85  8:30  Lair  
  85  8:33  Drone  
  86  8:35  Queen  
  86  8:37  Drone x2  
  90  8:42  Drone  
  90  8:44  Overlord  
  90  8:48  Baneling x2  
  91  8:49  Drone x3  
  91  8:50  Drone  
  91  8:54  Drone  
  97  8:56  Overlord  
  97  9:00  Zerg Missile Weapons Level 1  
  97  9:02  Roach  
  97  9:05  Spine Crawler  
  97  9:07  Roach x2  
  97  9:08  Zergling x4  
  100  9:10  Roach  
  100  9:11  Extractor  
  100  9:14  Roach x2  
  100  9:15  Extractor  
  104  9:21  Overlord  
  104  9:23  Roach x3  
  110  9:26  Drone x2  
  111  9:31  Drone  
  111  9:34  Overlord  
  111  9:36  Glial Reconstitution  
  112  9:39  Roach  
  112  9:42  Roach  
  112  9:44  Roach  
  112  9:45  Drone x2  
  120  9:49  Roach x2  
  120  9:50  Extractor  
  120  9:51  Roach  
  125  9:54  Overlord  
  125  9:57  Roach x3  
  130  10:02  Overlord  
  130  10:09  Roach x5  
  140  10:16  Roach x4  
  148  10:21  Roach  
  148  10:22  Roach x2  
  148  10:25  Roach x2  
  157  10:29  Drone  
  157  10:31  Roach  
  157  10:32  Evolution Chamber  
  159  10:37  Roach  
  159  10:39  Roach x2  
  159  10:42  Roach x3  
  171  10:44  Overlord  
  171  10:49  Roach  
  175  10:50  Roach  
  175  11:03  Drone  
  176  11:09  Roach  
  178  11:14  Hatchery, Roach x3  
  173  11:19  Overlord  
  173  11:21  Roach  
  173  11:22  Roach  
  143  11:27  Roach x3  
  147  11:34  Roach x3  
  147  11:35  Roach  
  147  11:38  Roach  
  147  11:39  Roach  
  139  11:41  Roach x2  
  139  11:45  Roach  
  139  11:46  Roach  
  131  11:48  Roach  
  131  11:51  Roach  
Show
View Real Time Build Order
Export as new Build Order

Dark Zerg 

Build Orders: Hatch First 

Get SALT Encoding   

  12  0:00  Drone  
  13  0:12  Overlord  
  13  0:16  Drone  
  14  0:31  Drone x2  
  16  0:47  Hatchery  
  15  0:51  Drone  
  15  0:54  Drone  
  17  0:57  Drone  
  18  1:07  Extractor  
  17  1:13  Spawning Pool  
  17  1:15  Drone  
  17  1:19  Drone  
  18  1:31  Drone  
  20  1:40  Drone  
  20  1:50  Drone  
  21  1:59  Queen  
  21  2:00  Queen  
  21  2:01  Zergling x4  
  27  2:08  Metabolic Boost  
  27  2:11  Zergling x2  
  27  2:12  Overlord  
  28  2:31  Drone x3  
  28  2:33  Drone  
  30  2:43  Queen  
  30  2:44  Baneling Nest  
  31  2:46  Overlord  
  31  2:51  Overlord  
  31  2:55  Overlord  
  31  3:05  Zergling x4  
  33  3:06  Drone  
  33  3:09  Drone x2  
  36  3:13  Drone  
  36  3:14  Drone  
  36  3:17  Drone  
  39  3:25  Drone x3  
  42  3:28  Baneling  
  42  3:29  Drone  
  42  3:32  Drone  
  44  3:44  Hatchery  
  43  3:49  Zergling x4  
  43  3:50  Drone x2  
  43  3:51  Drone  
  43  3:54  Drone  
  49  3:57  Evolution Chamber  
  49  4:02  Overlord  
  48  4:03  Drone  
  48  4:08  Zergling x2  
  48  4:09  Baneling, Zergling x2  
  51  4:12  Baneling  
  51  4:14  Zergling x2  
  52  4:20  Overlord  
  52  4:24  Roach Warren, Zerg Missile Weapons Level 1  
  52  4:26  Drone x2  
  53  4:33  Extractor, Overlord  
  53  4:34  Drone x2  
  53  4:36  Zergling x6  
  56  4:48  Drone x2  
  58  4:53  Zergling x6  
  61  5:07  Baneling x2  
  61  5:08  Roach x6  
  61  5:12  Roach x2  
  77  5:19  Roach  
  79  5:23  Extractor  
  79  5:25  Roach  
  79  5:26  Roach  
  79  5:27  Baneling x2  
  82  5:35  Overlord  
  80  5:40  Roach x2  
  79  5:43  Roach  
  79  5:44  Zergling x4  
  79  5:48  Overlord  
  81  5:50  Overlord x2  
  79  5:58  Roach x4  
  79  5:59  Zergling x8  
  79  6:03  Roach  
  86  6:08  Zergling x2  
  84  6:14  Zergling x4  
  86  6:19  Zergling x2  
  86  6:23  Overlord  
  86  6:25  Zergling x2  
  88  6:27  Ravager  
  88  6:28  Zergling x6  
  92  6:33  Roach  
  92  6:37  Roach x2  
  98  6:41  Roach  
  100  6:47  Zergling x6  
  100  6:53  Zergling x4  
  92  7:04  Roach  
  92  7:06  Roach x3  
  92  7:07  Roach x2  
  91  7:08  Zergling x8  
  91  7:14  Ravager  
  91  7:15  Zergling x4  
  87  7:19  Zergling x4  
  87  7:20  Zergling x2  
  87  7:21  Zergling x2  
  87  7:28  Ravager  
  87  7:29  Zergling x2, Ravager  
  86  7:30  Zergling x2  
  86  7:31  Zergling x4  
  77  7:38  Roach x2  
  77  7:39  Drone  
  77  7:42  Drone x2  
  79  7:44  Drone  
  79  7:48  Drone  
  77  7:56  Roach  
  77  7:57  Roach x2  
  78  7:59  Drone  
  72  8:08  Lair  
  72  8:11  Roach  
  72  8:12  Roach  
  75  8:15  Drone x2  
  75  8:17  Drone  
  75  8:18  Drone  
  79  8:20  Ravager  
  79  8:21  Ravager  
  81  8:33  Roach x4  
  87  8:37  Drone x2  
  87  8:38  Drone  
  87  8:40  Roach  
  92  8:41  Drone  
  92  8:43  Drone  
  92  8:44  Drone  
  92  8:47  Drone  
  92  8:48  Drone  
  97  8:55  Roach x3  
  102  9:07  Drone  
  102  9:08  Zerg Missile Weapons Level 2, Glial Reconstitution  
  99  9:11  Drone x3  
  99  9:12  Extractor x2  
  99  9:14  Roach  
  99  9:15  Roach  
  104  9:19  Roach  
  104  9:21  Overseer  
  106  9:28  Roach x2  
  110  9:31  Overlord  
  110  9:32  Drone x3  
  113  9:38  Overlord x2  
  113  9:43  Overlord x2  
  113  9:48  Overlord  
  113  9:54  Drone x4  
  113  9:55  Drone  
  113  9:58  Roach  
  120  10:01  Drone x2  
  122  10:07  Roach x3  
  122  10:10  Roach  
  122  10:12  Roach  
  132  10:16  Roach  
  132  10:17  Roach  
  136  10:21  Roach x2  
  136  10:26  Roach x2  
  136  10:28  Roach  
  146  10:30  Roach  
  146  10:34  Ravager x4  
  152  10:40  Overseer  
  152  10:42  Hatchery  
  151  10:48  Roach x3  
  157  10:51  Overlord  
  157  10:52  Overlord  
  157  11:01  Roach x2  
  161  11:08  Overlord  
  161  11:09  Overlord x2  
  161  11:12  Roach x2  
  161  11:13  Ravager x2  
  163  11:19  Roach x3  
  163  11:21  Roach  
  131  11:26  Roach x2  
  121  11:35  Roach x5  
  121  11:36  Roach  
  109  11:40  Roach  
  109  11:44  Roach  
  95  11:47  Roach  
  95  11:50  Roach  
Tags
 
Add a new tag
Caveats
  • Supply blocks, unpowered buildings, or Contaminate may cause inaccurate times.
  • Supply counts are checked every 10 seconds.